 Dungeon Crawl Stone Soup version 0.30-a0-1066-g63dfefce0d (webtiles) character file.

Game seed: 13732695420760051798

166 Kauriferous the Covered (level 5, -1/47 HPs)
             Began as a Minotaur Fighter on Apr 12, 2023.
             Slain by a quokka (2 damage)
             ... on level 3 of the Dungeon.
             The game lasted 00:06:23 (1733 turns).

Kauriferous the Covered (Minotaur Fighter)          Turns: 1733, Time: 00:06:24

Health: -1/47      AC:  8    Str: 22    XL:     5   Next: 22%
Magic:  0/4        EV:  9    Int:  5    God:
Gold:   117        SH:  5    Dex: 16    Spells: 4/4 levels left

rFire   . . .      SeeInvis .    a - +0 war axe
rCold   . . .      Faith    .    c - +0 buckler
rNeg    . . .      Spirit   +    b - +0 scale mail
rPois   .          Reflect  .    (helmet restricted)
rElec   .          Rampage  .    n - +0 cloak {Stlth+}
rCorr   .                        (no gloves)
Will    .....                    (no boots)
Stlth   +                        i - amulet of guardian spirit
HPRegen 0.27/turn                l - +6 ring of dexterity
MPRegen 0.09/turn                (no ring)

@: no status effects
A: horns 2, retaliatory headbutt
a: no special abilities


You were on level 3 of the Dungeon.
You visited 1 branch of the dungeon, and saw 3 of its levels.

You collected 117 gold pieces.

Inventory:

Hand Weapons
 a - a +0 war axe (weapon)
Armour
 b - a +0 scale mail (worn)
 c - a +0 buckler (worn)
 n - a +0 cloak of stealth (worn)
Jewellery
 i - an amulet of guardian spirit (around neck)
 l - a +6 ring of dexterity (left hand)
Scrolls
 f - a scroll of identify {unknown}
 h - a scroll of magic mapping {unknown}
 j - a scroll of vulnerability {unknown}
 k - a scroll of fog {unknown}
 m - a scroll of teleportation
Potions
 d - a potion of might
 e - a potion of cancellation {unknown}
 g - 2 potions of attraction {unknown}


   Skills:
 + Level 4.5 Fighting
 * Level 4.4 Axes
 + Level 4.6 Armour
 + Level 4.5 Shields


You had 4 spell levels left.
You didn't know any spells.
Your spell library was empty.

Dungeon Overview and Level Annotations

Branches:
Dungeon (3/15)

Altars:


Innate Abilities, Weirdness & Mutations

You have a pair of horns on your head.
You reflexively headbutt those who attack you in melee.


Message History

You slash the orc!
You kill the orc!
The orc priest miscasts a cantrip.
You hit the orc priest.
The orc priest is moderately wounded.
You closely miss something.
The orc priest looks braver for a moment.
You slash the orc priest!
The orc priest is almost dead.
You slash something!
The orc priest invokes the aid of Beogh against you.
You barely resist.
You hear some strange, mumbled words.
A magic dart appears from out of thin air!
The magic dart hits you but does no damage.
You slash the orc priest!
You kill the orc priest!
You miss something. You hit something. Something hits you but does no damage.
Something hits you.
* * * LOW HITPOINT WARNING * * *
The quokka bites you.
* * * LOW HITPOINT WARNING * * *
Something hits you.
* * * LOW HITPOINT WARNING * * *
Something hits you but does no damage.
You have reached level 5!
You completely miss the quokka. You hit something. You miss something.
The quokka bites you but does no damage.
You hear some strange, mumbled words.
Something tries to affect you, but you resist.
Something hits you but does no damage. The quokka barely misses you.
You hit the quokka but do no damage.
You headbutt the quokka, but do no damage.
You miss something. You slash something!
Reactivating autopickup.
You feel a bit more experienced. Something hits you.
* * * LOW HITPOINT WARNING * * *
Deactivating autopickup; reactivate with Ctrl-A.
The quokka bites you.
You die...

..... .... #
... .# ... ...
. #.# ..# ..
##.##...# ..(
#......# ....
##r.# ###.
.....#)@)#
.#...
........## ...#
>....##.# #..#
...#.##)###..#
.........?...#
...........###
##
.#####.....##
##. #
##...!.########
#..##.#
#..#.#..#.....#


You could see a quokka.

Vanquished Creatures
  An orc priest (D:3)
  Crazy Yiuf (D:2)
  2 orc wizards (D:3)
  3 gnolls (D:2)
  2 dart slugs (D:1)
  An orc (D:3)
  2 ball pythons
  3 bats
  5 endoplasms (D:1)
  2 giant cockroaches (D:1)
  4 goblins
  3 hobgoblins (D:1)
  5 jackals
  4 kobolds (D:1)
  3 quokkas
  2 frilled lizards (D:2)
  5 rats
48 creatures vanquished.

Notes
Turn   | Place    | Note
-------+----------+-------------------------------------------
     0 | D:1      | Kauriferous the Minotaur Fighter began the quest for the
                  | Orb.
     0 | D:1      | Reached XP level 1. HP: 19/19 MP: 0/0
   111 | D:1      | Reached XP level 2. HP: 27/27 MP: 1/1
   782 | D:1      | Reached XP level 3. HP: 33/33 MP: 2/2
   812 | D:1      | Found a faded altar of an unknown god.
   973 | D:2      | Found a runed translucent door.
   974 | D:2      | Noticed Crazy Yiuf
  1245 | D:2      | Reached XP level 4. HP: 19/40 MP: 1/3
  1632 | D:2      | Killed Crazy Yiuf
  1732 | D:3      | Reached XP level 5. HP: 4/47 MP: 0/4
  1733 | D:3      | HP: 1/47 [something (3)]
  1733 | D:3      | Slain by a quokka

Illustrated notes

Levels and vault maps discovered:
D:1:      minmay_arrival_arboretum_small, layout_loops_ring, serial_glass,
          glass_columns_a, glass_columns_a,
          hellmonk_ecumenical_altar_defaced_shrine
D:2:      layout_basic, hangedman_decor_growths, nicolae_figureground_sparkle,
          uniq_crazy_yiuf_cottage
D:3:      layout_rooms

Skill      XL: |  1  2  3  4 |
---------------+-------------+-----
Armour         | 4 |  4.6
Fighting       | 4 |  4.5
Shields        | 4 |  4.5
Axes           | 3 4 |  4.4

Action                     |  1- 3 |  4- 6 || total
---------------------------+-------+-------++-------
  Melee: War axe           |    96 |    17 ||   113
         Headbutt          |    12 |     1 ||    13
    Use: Scroll            |       |     1 ||     1
 Armour: Scale mail        |    45 |     7 ||    52
  Dodge: Dodged            |    35 |     3 ||    38
  Block: Buckler           |    19 |     1 ||    20

Table legend: (Time is in decaauts)
 A = Elapsed time spent in this place.
 B = Non-inter-level travel time spent in this place.
 C = Inter-level travel time spent in this place.
 D = Time resting spent in this place.
 E = Time spent auto-exploring this place.
 F = Levels seen in this place.
 G = Mean time per level.
                   A        B        C        D        E       F      G
               +--------+--------+--------+--------+--------+-----+--------+
         Total |   1775 |   1726 |     49 |    128 |   1216 |   3 |  591.7 |
       Dungeon |   1775 |   1726 |     49 |    128 |   1216 |   3 |  591.7 |
               +--------+--------+--------+--------+--------+-----+--------+

Top non-repeatable levels by time:
     D:1: 911 daAuts
     D:2: 831 daAuts
     D:3: 32 daAuts
